 Dungeon Crawl Stone Soup version 0.13-a0-2417-g818e1a6 (webtiles) character file.

124 JogiH the Magician (level 3, 0/29 HPs)
             Began as a Djinni Wizard on July 16, 2013.
             Succumbed to a giant mite's poison
             ... on Level 2 of the Dungeon.
             The game lasted 00:06:26 (1553 turns).

JogiH the Magician (Djinni Wizard)                  Turns: 1553, Time: 00:06:26

HP   0/29        AC  3     Str  7      XL: 3   Next: 16%
MP   0/0         EV 10     Int 19      God:
Gold 89          SH  0     Dex 11      Spells:  3 memorised,  6 levels left

Res.Fire  : + + +   See Invis. : .   e - +0 whip
Res.Cold  : x . .   Warding    : .   f - +0 leather armour (curse)
Life Prot.: + + +   Conserve   : .   (no shield)
Res.Poison: .       Res.Corr.  : .   b - +0 wizard hat
Res.Elec. : .       Clarity    : .   (no cloak)
Sust.Abil.: . .     Spirit.Shd : .   (no gloves)
Res.Mut.  : .       Stasis     : .   (boots unavailable)
Res.Rott. : .       Flight     : +   (no amulet)
Saprovore : . . .                    (no ring)
                                     (no ring)

@: flying, mildly poisoned, very slightly contaminated, not resistant to hostile
enchantments, unstealthy
A: no striking features
a: no special abilities


You were on level 2 of the Dungeon.
You were not hungry.

You visited 1 branch of the dungeon, and saw 2 of its levels.

You collected 69 gold pieces.

Inventory:

Hand weapons
 e - a +0,+0 whip (weapon)
Armour
 a - a +0 robe
 b - a +0 wizard hat (worn)
 f - a cursed +0 leather armour (worn)
Scrolls
 d - a scroll of noise {unknown}
 g - 2 scrolls of curse weapon {unknown}
 h - a scroll of curse jewellery {unknown}
 i - a scroll of amnesia {unknown}
Books
 c - a book of Minor Magic

   Spells                             Type                      Level
   *Magic Dart                        Conjuration                  1
   *Blink                             Translocation                2
   *Call Imp                          Summoning                    2
   Repel Missiles                     Charms/Air                   2
   Slow                               Hexes                        2
   Conjure Flame                      Conjuration/Fire             3
   Mephitic Cloud                     Conjuration/Poison/Air       3


   Skills:
 - Level 1.7 Dodging
 - Level 1.5 Stealth
 + Level 4.6 Spellcasting
 * Level 1.8 Conjurations
 + Level 1.2 Summonings
 + Level 1.0 Translocations


You had 6 spell levels left.
You knew the following spells:

 Your Spells              Type           Power        Failure   Level  Hunger
a - Magic Dart            Conj           ##..         10%         1    None
b - Blink                 Tloc           N/A          14%         2    #......
c - Call Imp              Summ           #.........   14%         2    #......


Dungeon Overview and Level Annotations

Branches:
Dungeon (2/27)

Altars:


Message History

You start resting.
* * * LOW HITPOINT WARNING * * *
You feel sick.
You start resting.
* * * LOW HITPOINT WARNING * * *
You feel sick.
You start resting.
* * * LOW HITPOINT WARNING * * *
You feel sick.
You start resting.
* * * LOW HITPOINT WARNING * * *
You feel sick.
Drink which item? (? for menu, Esc to quit)
You feel very buoyant.
You fly up into the air.
It was a potion of flight.
You start resting.
* * * LOW HITPOINT WARNING * * *
You feel sick.
You start resting.
You die...

......# ....)................#
#####.# #.##...#.............#
#....# #.##...#.............#
#..(.####.##...#......#####'##
+....')......s.'.....)# #.#
##....####.######......# #.#
.........#.# #......# #.#
####....##.# ##......# #.#
...#....##.# #@......# #.#
#.......##.############# ###
####.#..##......#
.........#.######
####.##.##.#.#..#
#....)>......# ####........##
###.##.#.# +......# #


There were no monsters in sight!

Vanquished Creatures
  5 bats
  3 giant cockroaches
  2 goblins (D:1)
  2 hobgoblins (D:1)
  A kobold (D:1)
  A giant newt (D:1)
  3 rats (D:1)
17 creatures vanquished.

Vanquished Creatures (collateral kills)
  A giant mite (D:2)
  An inept item mimic (D:1)
  A giant gecko (D:2)
  2 goblins (D:1)
  A hobgoblin (D:2)
  A quokka (D:1)
  A kobold (D:2)
8 creatures vanquished.

Vanquished Creatures (others)
  A shadow imp (D:2)
  A rat (D:1)
2 creatures vanquished.

Grand Total: 27 creatures vanquished

Notes
Turn   | Place    | Note
--------------------------------------------------------------
     0 | D:1      | JogiH, the Djinni Wizard, began the quest for the Orb.
     0 | D:1      | Reached XP level 1. HP: 14/14 MP: 0/0
   239 | D:1      | Reached skill level 4 in Spellcasting
   367 | D:1      | Reached XP level 2. EP: 23/23
   371 | D:1      | Learned a level 2 spell: Blink
   374 | D:1      | Learned a level 2 spell: Call Imp
  1421 | D:1      | Reached XP level 3. EP: 10/29
  1548 | D:2      | HP: 1/29 [poisoned by a giant mite]
  1553 | D:2      | Succumbed to a giant mite's poison

Action                   || total
-------------------------++-------
Melee: Whip              ||    28
 Cast: Magic Dart        ||    39
       Call Imp          ||    15
  Use: Potion            ||     1
